TOP OF THE 1ST |
Nassau Black Sails batting - Pitching for Mazatlan Playas : RHP Marty Hulse
|
Pitching: RHP Marty Hulse
|
|
Batting: RHB Rob Andrews
|
0-0: Called Strike 0-1: Ball 1-1: Ball 2-1: SINGLE (Line Drive, 78S, EV 98.1 MPH)
|
Batting: LHB Creighton Tevlin
|
0-0: Called Strike 0-1: Fly out, F7 (Flyball, 7LSF, EV 88.1 MPH)
|
Batting: LHB Jason Turner
|
0-0: Ball 1-0: Reached on error, E6 (Groundball, 6S, EV 71.3 MPH) Rob Andrews to second
|
Batting: LHB Phil Childers
|
0-0: Ball 1-0: Called Strike Rob Andrews steals 3rd base Jason Turner to second 1-1: Ball 2-1: Ball 3-1: Base on Balls
|
Batting: RHB Gene Laguna
|
0-0: Ball 1-0: Foul Ball, location: 2F 1-1: Called Strike 1-2: Ball 2-2: Strikes out looking
|
Batting: RHB Juan Martinez
|
0-0: Called Strike 0-1: Swinging Strike 0-2: Strikes out looking
|
Top of the 1st over - 0 runs, 1 hit, 1 error, 3 left on base; Nassau 0 - Mazatlan 0 |
BOTTOM OF THE 1ST |
Mazatlan Playas batting - Pitching for Nassau Black Sails : RHP Frank Reyes
|
Pitching: RHP Frank Reyes
|
|
Batting: LHB Rusty McNealy
|
0-0: Called Strike 0-1: Foul Ball, location: 2F 0-2: Strikes out swinging
|
Batting: SHB Tony Fernandez
|
0-0: Swinging Strike 0-1: Swinging Strike 0-2: Foul Ball, location: 2F 0-2: Ball 1-2: Ball 2-2: Ground out 6-3 (Groundball, 6, EV 83.8 MPH)
|
Batting: LHB Brent Hillenga
|
0-0: Ball 1-0: Ball 2-0: Called Strike 2-1: Ball 3-1: Base on Balls
|
Batting: LHB Matt Winters
|
0-0: Ball 1-0: Hit by Pitch Brent Hillenga to second
|
Batting: RHB John Freitas
|
0-0: Ball 1-0: Called Strike 1-1: Ground out 4-3 (Groundball, 4, EV 84.4 MPH)
|
Bottom of the 1st over - 0 runs, 0 hits, 0 errors, 2 left on base; Nassau 0 - Mazatlan 0 |
TOP OF THE 2ND |
Nassau Black Sails batting - Pitching for Mazatlan Playas : RHP Marty Hulse
|
Batting: RHB Justin Henderson
|
0-0: Called Strike 0-1: Called Strike 0-2: Strikes out swinging
|
Batting: RHB Josh Houck
|
0-0: Ground out 5-3 (Groundball, 56, EV 76.3 MPH)
|
Batting: RHB Dwight Carter
|
0-0: Ball 1-0: SINGLE (Line Drive, 4MD, EV 95.6 MPH)
|
Batting: RHB Rob Andrews
|
0-0: Fielders Choice at 2nd, 5-4 (Groundball, 56, EV 83.8 MPH)
|
Top of the 2nd over - 0 runs, 1 hit, 0 errors, 1 left on base; Nassau 0 - Mazatlan 0 |
BOTTOM OF THE 2ND |
Mazatlan Playas batting - Pitching for Nassau Black Sails : RHP Frank Reyes
|
Batting: LHB Max Venable
|
0-0: Ball 1-0: Called Strike 1-1: Called Strike 1-2: Foul Ball, location: 2F 1-2: Strikes out swinging
|
Batting: RHB Scott Carnes
|
0-0: Ball 1-0: SINGLE (Flyball, 7S, EV 91.9 MPH)
|
Batting: RHB John Lickert
|
0-0: Ball 1-0: Swinging Strike 1-1: Ball 2-1: Called Strike 2-2: Ball 3-2: Grounds into double play, 4-6-3 (Groundball, 34, EV 90.0 MPH)
|
Bottom of the 2nd over - 0 runs, 1 hit, 0 errors, 0 left on base; Nassau 0 - Mazatlan 0 |
TOP OF THE 3RD |
Nassau Black Sails batting - Pitching for Mazatlan Playas : RHP Marty Hulse
|
Batting: LHB Creighton Tevlin
|
0-0: Ball 1-0: Ball 2-0: Ball 3-0: Base on Balls
|
Batting: LHB Jason Turner
|
0-0: Ball Creighton Tevlin steals 2nd base 1-0: Ball 2-0: Swinging Strike 2-1: Swinging Strike 2-2: Strikes out swinging
|
Batting: LHB Phil Childers
|
0-0: Called Strike 0-1: Swinging Strike 0-2: Ball 1-2: Ball 2-2: Strikes out swinging
|
Batting: RHB Gene Laguna
|
0-0: Foul Ball, location: 2F 0-1: Foul Ball, location: 2F 0-2: Ball 1-2: SINGLE (Groundball, 56D, EV 107.5 MPH) Creighton Tevlin to third Runner from 3rd tries for Home, SAFE, no throw by LF
|
Batting: RHB Juan Martinez
|
0-0: Ball 1-0: Called Strike 1-1: Called Strike 1-2: Ball 2-2: Fly out, F9 (Flyball, 9, EV 79.4 MPH)
|
Top of the 3rd over - 1 run, 1 hit, 0 errors, 1 left on base; Nassau 1 - Mazatlan 0 |
BOTTOM OF THE 3RD |
Mazatlan Playas batting - Pitching for Nassau Black Sails : RHP Frank Reyes
|
Batting: RHB Terrence Nocera
|
0-0: Ball 1-0: Ground out 1-3 (Groundball, 13, EV 65.0 MPH)
|
Batting: LHB Rusty McNealy
|
0-0: Ball 1-0: Ball 2-0: Bunt for hit to 5S - play at first, batter safe!
|
Batting: SHB Tony Fernandez
|
0-0: Ball 1-0: Called Strike 1-1: Called Strike 1-2: Ball 2-2: Ground out 4-3 (Groundball, 3D, EV 108.1 MPH) Rusty McNealy to second
|
Batting: LHB Brent Hillenga
|
0-0: Ball 1-0: Foul Ball, location: 2F 1-1: Swinging Strike 1-2: Ball 2-2: Ball 3-2: Base on Balls
|
Batting: LHB Matt Winters
|
0-0: Fly out, F7 (Flyball, 7D, EV 100.6 MPH)
|
Bottom of the 3rd over - 0 runs, 1 hit, 0 errors, 2 left on base; Nassau 1 - Mazatlan 0 |
TOP OF THE 4TH |
Nassau Black Sails batting - Pitching for Mazatlan Playas : RHP Marty Hulse
|
Batting: RHB Justin Henderson
|
0-0: Called Strike 0-1: Swinging Strike 0-2: Strikes out looking
|
Batting: RHB Josh Houck
|
0-0: Ball 1-0: Ball 2-0: Swinging Strike 2-1: Foul Ball, location: 2F 2-2: Strikes out swinging
|
Batting: RHB Dwight Carter
|
0-0: Ball 1-0: Ball 2-0: Foul Ball, location: 2F 2-1: Ball 3-1: Foul Ball, location: 2F 3-2: Foul Ball, location: 2F 3-2: Foul Ball, location: 2F 3-2: Foul Ball, location: 2F 3-2: SINGLE (Line Drive, 4MD, EV 108.1 MPH)
|
Batting: RHB Rob Andrews
|
0-0: Called Strike 0-1: Fly out, F4 (Popup, 34D, EV 70.0 MPH)
|
Top of the 4th over - 0 runs, 1 hit, 0 errors, 1 left on base; Nassau 1 - Mazatlan 0 |
BOTTOM OF THE 4TH |
Mazatlan Playas batting - Pitching for Nassau Black Sails : RHP Frank Reyes
|
Batting: RHB John Freitas
|
0-0: Ball 1-0: Called Strike 1-1: SINGLE (Line Drive, 78M, EV 106.3 MPH)
|
Batting: LHB Max Venable
|
0-0: Ball 1-0: Foul Ball, location: 2F 1-1: Swinging Strike 1-2: Fielders Choice at 2nd, 6-4 (Groundball, 6, EV 99.4 MPH)
|
Batting: RHB Scott Carnes
|
0-0: Called Strike 0-1: Ball 1-1: Ball 2-1: Ball 3-1: Foul Ball, location: 2F 3-2: Base on Balls Max Venable to second
|
Batting: RHB John Lickert
|
0-0: Fly out, F4 (Popup, 4M, EV 62.5 MPH)
|
Batting: RHB Terrence Nocera
|
0-0: Ball 1-0: Foul Ball, location: 2F 1-1: Called Strike 1-2: Ball 2-2: SINGLE (Groundball, 56D, EV 94.4 MPH) Max Venable to third Scott Carnes to second Runner from 3rd tries for Home, SAFE, no throw by LF
|
Batting: LHB Rusty McNealy
|
0-0: Ball 1-0: Called Strike 1-1: Ground out 4-3 (Groundball, 4, EV 103.8 MPH)
|
Bottom of the 4th over - 1 run, 2 hits, 0 errors, 2 left on base; Nassau 1 - Mazatlan 1 |
TOP OF THE 5TH |
Nassau Black Sails batting - Pitching for Mazatlan Playas : RHP Marty Hulse
|
Batting: LHB Creighton Tevlin
|
0-0: Ball 1-0: Foul Ball, location: 2F 1-1: Ground out 6-3 (Groundball, 6, EV 106.3 MPH)
|
Batting: LHB Jason Turner
|
0-0: Foul Ball, location: 2F 0-1: Swinging Strike 0-2: Strikes out swinging
|
Batting: LHB Phil Childers
|
0-0: Called Strike 0-1: Ball 1-1: Foul Ball, location: 2F 1-2: Ball 2-2: SINGLE (Flyball, 89S, EV 87.5 MPH)
|
Batting: RHB Gene Laguna
|
0-0: Called Strike 0-1: Called Strike 0-2: Foul Ball, location: 2F 0-2: Ball 1-2: Fly out, F7 (Flyball, 7LDF, EV 100.6 MPH)
|
Top of the 5th over - 0 runs, 1 hit, 0 errors, 1 left on base; Nassau 1 - Mazatlan 1 |
BOTTOM OF THE 5TH |
Mazatlan Playas batting - Pitching for Nassau Black Sails : RHP Frank Reyes
|
Batting: SHB Tony Fernandez
|
0-0: DOUBLE (Line Drive, 8RD, EV 98.1 MPH)
|
Batting: LHB Brent Hillenga
|
0-0: Called Strike 0-1: Ball 1-1: Ball 2-1: Ball 3-1: Foul Ball, location: 2F 3-2: Base on Balls
|
Batting: LHB Matt Winters
|
0-0: Ball 1-0: Ball 2-0: Foul Ball, location: 2F 2-1: Ball 3-1: Base on Balls Tony Fernandez to third Brent Hillenga to second
|
Batting: RHB John Freitas
|
0-0: Ball 1-0: Swinging Strike 1-1: Ball 2-1: GRAND SLAM HOME RUN (Flyball, 7LD, EV 95.6 MPH), Distance : 355 ft
|
Pitching: LHP Mike Cosgrove
|
|
Batting: LHB Max Venable
|
0-0: Ball 1-0: Ball 2-0: Called Strike 2-1: Called Strike 2-2: Foul Ball, location: 2F 2-2: Foul Ball, location: 2F 2-2: Ball 3-2: Base on Balls
|
Batting: RHB Scott Carnes
|
0-0: Called Strike 0-1: Grounds into double play, 6-4-3 (Groundball, 56, EV 85.6 MPH)
|
Batting: RHB John Lickert
|
0-0: Called Strike 0-1: Ball 1-1: Ball 2-1: Ball 3-1: Called Strike 3-2: Base on Balls
|
Batting: RHB Terrence Nocera
|
0-0: Ball 1-0: Called Strike 1-1: Fly out, F3 (Popup, 3L, EV 66.3 MPH)
|
Bottom of the 5th over - 4 runs, 2 hits, 0 errors, 1 left on base; Nassau 1 - Mazatlan 5 |
TOP OF THE 6TH |
Nassau Black Sails batting - Pitching for Mazatlan Playas : RHP Marty Hulse
|
Batting: RHB Juan Martinez
|
0-0: Called Strike 0-1: Ground out 4-3 (Groundball, 4, EV 83.8 MPH)
|
Batting: RHB Justin Henderson
|
0-0: Ground out 1-3 (Groundball, 13S, EV 69.4 MPH)
|
Batting: RHB Josh Houck
|
0-0: Ball 1-0: Foul Ball, location: 2F 1-1: Ball 2-1: Swinging Strike 2-2: Strikes out looking
|
Top of the 6th over - 0 runs, 0 hits, 0 errors, 0 left on base; Nassau 1 - Mazatlan 5 |
BOTTOM OF THE 6TH |
Mazatlan Playas batting - Pitching for Nassau Black Sails : LHP Mike Cosgrove
|
Batting: LHB Rusty McNealy
|
0-0: Called Strike 0-1: Foul Ball, location: 2F 0-2: Ball 1-2: Ball 2-2: Foul Ball, location: 2F 2-2: SINGLE (Line Drive, 7, EV 105.6 MPH)
|
Batting: SHB Tony Fernandez
|
0-0: Ball 1-0: Called Strike 1-1: Ground out 6-3 (Groundball, 4MD, EV 104.4 MPH) Rusty McNealy to second
|
Batting: LHB Brent Hillenga
|
0-0: Ball 1-0: Ball 2-0: Called Strike 2-1: Swinging Strike 2-2: Foul Ball, location: 2F 2-2: Ball 3-2: Base on Balls
|
Batting: LHB Matt Winters
|
0-0: Foul Ball, location: 2F 0-1: Ball Rusty McNealy steals 3rd base Brent Hillenga to second 1-1: Fly out, F9 (Flyball, 89M, EV 86.3 MPH) Runner from 3rd tags up, SCORES, no throw by RF
|
Batting: RHB John Freitas
|
0-0: Called Strike 0-1: Called Strike 0-2: Ball 1-2: Ball 2-2: Ball 3-2: SINGLE (Flyball, 7LS, EV 91.9 MPH) Brent Hillenga to third Brent Hillenga scores
|
Batting: LHB Max Venable
|
0-0: Ball 1-0: Fly out, F7 (Line Drive, 7, EV 89.4 MPH)
|
Bottom of the 6th over - 2 runs, 2 hits, 0 errors, 1 left on base; Nassau 1 - Mazatlan 7 |
TOP OF THE 7TH |
Nassau Black Sails batting - Pitching for Mazatlan Playas : RHP Marty Hulse
|
Batting: RHB Dwight Carter
|
0-0: Called Strike 0-1: Foul Ball, location: 2F 0-2: Strikes out swinging
|
Batting: RHB Rob Andrews
|
0-0: Ball 1-0: Ground out 5-3 (Groundball, 5, EV 87.5 MPH)
|
Batting: LHB Creighton Tevlin
|
0-0: Foul Ball, location: 2F 0-1: Ball 1-1: Ball 2-1: Ball 3-1: SINGLE (Flyball, 7S, EV 93.1 MPH)
|
Batting: LHB Jason Turner
|
0-0: Fly out, F6 (Popup, 6S, EV 78.8 MPH)
|
Top of the 7th over - 0 runs, 1 hit, 0 errors, 1 left on base; Nassau 1 - Mazatlan 7 |
BOTTOM OF THE 7TH |
Mazatlan Playas batting - Pitching for Nassau Black Sails : LHP Mike Cosgrove
|
Batting: RHB Scott Carnes
|
0-0: Ground out 6-3 (Groundball, 6S, EV 74.4 MPH)
|
Batting: RHB John Lickert
|
0-0: Ball 1-0: Swinging Strike 1-1: Ball 2-1: Ball 3-1: Swinging Strike 3-2: DOUBLE (Flyball, 8LD, EV 86.9 MPH)
|
Pitching: RHP Jimmy Briggs
|
|
Batting: RHB Terrence Nocera
|
0-0: Fly out, F8 (Flyball, 89D, EV 88.8 MPH)
|
Batting: LHB Rusty McNealy
|
0-0: Called Strike 0-1: Ground out 4-3 (Groundball, 4M, EV 80.0 MPH)
|
Bottom of the 7th over - 0 runs, 1 hit, 0 errors, 1 left on base; Nassau 1 - Mazatlan 7 |
TOP OF THE 8TH |
Nassau Black Sails batting - Pitching for Mazatlan Playas : RHP Marty Hulse
|
Batting: LHB Phil Childers
|
0-0: Ball 1-0: Ball 2-0: Called Strike 2-1: Swinging Strike 2-2: Ground out 1-3 (Groundball, 13, EV 76.3 MPH)
|
Batting: RHB Gene Laguna
|
0-0: Called Strike 0-1: Swinging Strike 0-2: Fly out, F8 (Flyball, 8RM, EV 84.4 MPH)
|
Batting: RHB Juan Martinez
|
0-0: Called Strike 0-1: Swinging Strike 0-2: Strikes out looking
|
Top of the 8th over - 0 runs, 0 hits, 0 errors, 0 left on base; Nassau 1 - Mazatlan 7 |
BOTTOM OF THE 8TH |
Mazatlan Playas batting - Pitching for Nassau Black Sails : RHP Jimmy Briggs
|
Batting: SHB Tony Fernandez
|
0-0: Ball 1-0: Swinging Strike 1-1: Swinging Strike 1-2: Foul Ball, location: 2F 1-2: Fly out, F8 (Line Drive, 8LM, EV 93.1 MPH)
|
Batting: LHB Brent Hillenga
|
0-0: Fly out, F9 (Flyball, 89D, EV 103.1 MPH)
|
Batting: LHB Matt Winters
|
0-0: Foul Ball, location: 2F 0-1: Foul Ball, location: 2F 0-2: Ball 1-2: Strikes out swinging
|
Bottom of the 8th over - 0 runs, 0 hits, 0 errors, 0 left on base; Nassau 1 - Mazatlan 7 |
TOP OF THE 9TH |
Nassau Black Sails batting - Pitching for Mazatlan Playas : RHP Marty Hulse
|
Batting: RHB Justin Henderson
|
0-0: SINGLE (Line Drive, 7S, EV 102.5 MPH)
|
Pitching: RHP Alan Fowlkes
|
|
Batting: RHB Josh Houck
|
0-0: Foul Ball, location: 2F 0-1: Ball 1-1: Foul Ball, location: 2F 1-2: Fly out, F9 (Flyball, 89M, EV 97.5 MPH)
|
Batting: RHB Dwight Carter
|
0-0: Ball 1-0: Ball 2-0: Ball 3-0: Base on Balls Justin Henderson to second
|
Batting: RHB Rob Andrews
|
0-0: Fly out, F9 (Flyball, 9S, EV 84.4 MPH)
|
Batting: LHB Creighton Tevlin
|
0-0: Ball 1-0: Ball 2-0: Called Strike 2-1: SINGLE (Line Drive, 9S, EV 103.8 MPH) Justin Henderson to third Dwight Carter to second
|
Batting: LHB Jason Turner
|
0-0: Ball 1-0: Foul Ball, location: 2F 1-1: Swinging Strike 1-2: Foul Ball, location: 2F 1-2: Ball 2-2: Foul Ball, location: 2F 2-2: SINGLE (Groundball, 56D, EV 93.8 MPH) Justin Henderson scores Dwight Carter to third Creighton Tevlin to second
|
Batting: LHB Phil Childers
|
0-0: SINGLE (Groundball, 34D, EV 97.5 MPH) Dwight Carter scores Creighton Tevlin to third Jason Turner to second
|
Batting: RHB Gene Laguna
|
0-0: SINGLE (Line Drive, 56, EV 96.3 MPH) Creighton Tevlin scores Jason Turner to third Phil Childers to second
|
Batting: RHB Juan Martinez
|
0-0: Ball 1-0: Called Strike 1-1: Ball 2-1: Ball 3-1: Fly out, F8 (Line Drive, 8RD, EV 93.1 MPH)
|
Top of the 9th over - 3 runs, 5 hits, 0 errors, 3 left on base; Nassau 4 - Mazatlan 7 |
|